 Dungeon Crawl Stone Soup version 0.16.2-2-g470672f (webtiles) character file.

177 monobi the Sneak (level 5, 0/39 HPs)
             Began as a Demonspawn Wanderer on Sept 4, 2015.
             Slain by an orc
             ... wielding a +0 flail
              (4 damage)
             ... on level 2 of the Dungeon.
             The game lasted 00:10:05 (2086 turns).

monobi the Sneak (Demonspawn Wanderer)              Turns: 2086, Time: 00:10:05

Health: 0/39       AC:  8    Str: 14    XL:     5   Next: 30%
Magic:  5/5        EV:  6    Int: 12    God:
Gold:   108        SH:  0    Dex: 13    Spells: 0 memorised, 4 levels left

rFire  . . .     SeeInvis .     a - +2 falchion
rCold  . . .     Clarity  .     h - +0 chain mail
rNeg   + . .     SustAb   .     (no shield)
rPois  .         Gourm    .     (no helmet)
rElec  .         Spirit   .     (no cloak)
rCorr  .         Warding  +     (no gloves)
rMut   .         Stasis   .     (no boots)
MR     .....                    j - amulet of warding
Stlth  ..........               (no ring)
                                (no ring)

@: not resistant to hostile enchantments, extremely unstealthy
A: powered by pain 1, rot immunity
a: no special abilities


You were on level 2 of the Dungeon.
You were not hungry.

You visited 1 branch of the dungeon, and saw 3 of its levels.

You collected 108 gold pieces.

Inventory:

Hand weapons
 a - a +2 falchion (weapon)
 e - a +0 dagger
 t - a +2 whip of draining
Missiles
 m - 6 javelins (quivered)
Armour
 h - a +0 chain mail (worn)
Jewellery
 j - an amulet of warding (around neck)
Magical devices
 o - a wand of confusion (18)
Scrolls
 g - a scroll of immolation
 i - 2 scrolls of identify
 l - a scroll of teleportation
Potions
 b - a potion of lignification
 c - 2 potions of haste
 p - a potion of poison {unknown}
 r - a potion of mutation {unknown}
 s - a potion of magic {unknown}
Comestibles
 d - a chunk of flesh
 f - 3 bread rations
 k - 4 fruits


   Skills:
 + Level 2.3 Fighting
 * Level 3.1 Long Blades
 + Level 1.0 Throwing
 + Level 2.1 Armour
 + Level 1.5 Dodging
 * Level 4.3 Stealth


You had 4 spell levels left.
You didn't know any spells.

Dungeon Overview and Level Annotations

Branches:
Dungeon (3/15)

Altars:


Innate Abilities, Weirdness & Mutations

You sometimes gain a little power by taking damage.
You are immune to rotting.


Message History

You feel troubled.
An orc comes into view. It is wielding a mace.
The orc shouts!
The orc priest completely misses you. The orc hits you with a flail!
A kobold comes into view. It is wielding a short sword.
You completely miss the orc priest.
The kobold shouts!
The orc priest hits you but does no damage.
The orc hits you with a flail.
There is a stone staircase leading down here.
The orc priest mumbles some strange prayers to Beogh against you.
Something smites you!
* * * LOW HITPOINT WARNING * * *
A rat comes into view.
There is an open door here.
There is a stone staircase leading up here.
You climb upwards.
There is a stone staircase leading down here.
You hit the orc but do no damage. The orc hits you with a flail.
You die...

......##.#.##..#.#
......##.#.#...#.#
##....##.#.#.#...#
#####.##.#.#(#...#
# #.##.#.......# #
#......###...## #
####.#........# #
#.#........# ##
#.#.####.@.# .#
#.#.# ##.o# .#
#.#.# #..# .#
#.#.# #..# .#
#.#.# #..# .#
###.#.#####..# .#
#............# ##
#.#.##.#####.# #
#.#....# #.#


You could see an orc.

Vanquished Creatures
  The ghost of Appriser the Shooter, an average HEAM (D:3)
  2 adders (D:2)
  A giant mite (D:2)
  3 giant geckos
  4 bats
  3 giant cockroaches
  8 goblins
  3 hobgoblins
  3 kobolds
  3 giant newts
  8 rats
39 creatures vanquished.

Notes
Turn   | Place    | Note
--------------------------------------------------------------
     0 | D:1      | monobi, the Demonspawn Wanderer, began the quest for the Orb.
     0 | D:1      | monobi set off with: a +2 falchion, a potion of lignification, a potion of curing, a +0 robe, a +0 dagger, a bread ration
     0 | D:1      | Reached XP level 1. HP: 16/16 MP: 1/1
    55 | D:1      | Reached skill level 3 in Stealth
   127 | D:1      | Gained mutation: You are immune to rotting. [demonic ancestry]
   127 | D:1      | Reached XP level 2. HP: 9/22 MP: 2/2
   773 | D:2      | Gained mutation: You sometimes gain a little power by taking damage. [demonic ancestry]
   773 | D:2      | Reached XP level 3. HP: 13/27 MP: 3/3
  1815 | D:2      | Reached skill level 4 in Stealth
  1886 | D:3      | Noticed Appriser's ghost (average HEAM)
  1906 | D:3      | Killed Appriser's ghost
  1906 | D:3      | Reached skill level 1 in Dodging
  1906 | D:3      | Reached XP level 4. HP: 20/34 MP: 4/4
  1906 | D:3      | Reached XP level 5. HP: 22/39 MP: 5/5
  2086 | D:2      | Slain by an orc

Action                   |  1- 3 |  4- 6 || total
-------------------------+-------+-------++-------
Melee: Falchion          |   118 |     7 ||   125
  Use: Potion            |     3 |       ||     3
       Scroll            |     8 |       ||     8
 Stab: Sleeping          |     5 |       ||     5
  Eat: Meat ration       |     1 |       ||     1
       Chunk             |     1 |       ||     1
